[ AOE2 MATCH · #464034874 ]
UnrankedPersians vs Celts
[ REPLAY ANALYSIS · EXTRACTED FROM THE RECORDED GAME ]
Feudal
13:24
Castle
18:20
Imperial
40:11
| APM avg | 25.5 |
| APM peak | 47 |
| eAPM avg | 18.2 |
| Villagers / military | 113 / 224 |
Focus
⚔️ 40.8% · 🌾 59.2%
Knight ×166 · Scout Cavalry ×39 · Battering Ram ×9 · Fishing Ship ×8 · Camel Scout ×6 · Mangonel ×3
Feudal
14:44
Castle
18:14
Imperial
34:13
| APM avg | 38.9 |
| APM peak | 72 |
| eAPM avg | 23.9 |
| Villagers / military | 160 / 307 |
Focus
⚔️ 26.4% · 🌾 73.6%
Knight ×297 · Fishing Ship ×10 · Scout Cavalry ×10
Feudal
13:48
Castle
17:41
Imperial
—
| APM avg | 21.4 |
| APM peak | 55 |
| eAPM avg | 10.4 |
| Villagers / military | 89 / 57 |
Focus
⚔️ 21.2% · 🌾 78.8%
Huskarl ×55 · Fishing Ship ×20 · Battering Ram ×2
Feudal
13:23
Castle
17:32
Imperial
37:06
| APM avg | 39.7 |
| APM peak | 62 |
| eAPM avg | 24.4 |
| Villagers / military | 177 / 134 |
Focus
⚔️ 25.1% · 🌾 74.9%
Coustillier ×123 · Fishing Ship ×31 · Fire Galley ×9 · Trebuchet (Packed) ×2
Feudal
14:40
Castle
18:28
Imperial
—
| APM avg | 32.8 |
| APM peak | 67 |
| eAPM avg | 16.1 |
| Villagers / military | 90 / 173 |
Focus
⚔️ 36.2% · 🌾 63.8%
Janissary ×163 · Fishing Ship ×15 · Fire Galley ×5 · Battering Ram ×5
Feudal
13:51
Castle
17:56
Imperial
32:25
| APM avg | 28.1 |
| APM peak | 60 |
| eAPM avg | 12.5 |
| Villagers / military | 94 / 73 |
Focus
⚔️ 24.3% · 🌾 75.7%
Unknown (1959) ×77 · Archer ×73 · Unknown (1942) ×9 · Fishing Ship ×8 · Unknown (1962) ×2 · Unknown (1966) ×2
Match map
Initial resources + every placement click. Lines = walls · curves = elevation contours. ◆ gold · ⬟ stone · ● berries · ✦ relic · ◌ wall gap
Your base· Open — 10t gap
200 con Lao Chọt's base· Open — 8t gap
Please don't kill me's base· Open — 11t gap
DEMENXAYCHOI's base· Open — unwalled flank
Gacon's base· Open — unwalled flank
I miss her's base· Open — 9t gap
Smoothed initial terrain · ◌ = detected wall gap · hover for details
Inputs per minute
— nguyenthaivinh1983 - - 200 con Lao Chọt
Build order — nguyenthaivinh1983
First 150 of 519 actions detected
| 0:07 | Build | Town Center |
| 1:14 | Build | Dock |
| 1:56 | Build | House |
| 2:33 | Create | Villager (Male) |
| 2:34 | Create | Villager (Male) |
| 2:34 | Create | Villager (Male) |
| 2:35 | Create | Villager (Male) |
| 2:35 | Create | Villager (Male) |
| 2:37 | Create | Fishing Ship |
| 3:31 | Build | House |
| 4:15 | Research | Loom |
| 4:24 | Create | Villager (Male) |
| 4:55 | Create | Fishing Ship |
| 4:55 | Create | Fishing Ship |
| 5:00 | Create | Villager (Male) |
| 5:00 | Create | Villager (Male) |
| 5:12 | Create | Villager (Male) |
| 5:32 | Build | House |
| 6:11 | Create | Villager (Male) |
| 6:11 | Create | Villager (Male) |
| 6:15 | Create | Fishing Ship |
| 7:15 | Create | Fishing Ship |
| 7:15 | Create | Fishing Ship |
| 7:32 | Create | Villager (Male) |
| 7:54 | Create | Villager (Male) |
| 8:09 | Build | House |
| 8:17 | Create | Fishing Ship |
| 8:18 | Create | Fishing Ship |
| 8:20 | Create | Villager (Male) |
| 8:42 | Build | House |
| 8:51 | Create | Villager (Male) |
| 8:51 | Create | Villager (Male) |
| 9:00 | Create | Villager (Male) |
| 9:01 | Create | Villager (Male) |
| 9:01 | Create | Villager (Male) |
| 9:01 | Create | Villager (Male) |
| 9:01 | Create | Villager (Male) |
| 9:37 | Build | Mill |
| 10:33 | Build | Mining Camp |
| 11:20 | Research | Feudal Age |
| 11:20 | Research | Feudal Age |
| 12:16 | Build | Barracks |
| 13:24 | Age | Feudal Age |
| 13:26 | Build | House |
| 13:33 | Build | Market |
| 13:38 | Create | Villager (Male) |
| 13:39 | Create | Villager (Male) |
| 13:58 | Create | Villager (Male) |
| 14:26 | Create | Villager (Male) |
| 15:05 | Build | Stable |
| 15:08 | Create | Villager (Male) |
| 15:15 | Create | Villager (Male) |
| 15:47 | Research | Castle Age |
| 15:47 | Research | Castle Age |
| 15:54 | Build | Lumber Camp |
| 16:42 | Research | Double-Bit Axe |
| 16:42 | Research | Double-Bit Axe |
| 16:47 | Research | Horse Collar |
| 16:47 | Research | Horse Collar |
| 16:58 | Create | Scout Cavalry |
| 17:35 | Build | Stable |
| 17:40 | Create | Villager (Male) |
| 17:50 | Build | Farm |
| 18:06 | Build | House |
| 18:19 | Build | Farm |
| 18:20 | Age | Castle Age |
| 18:25 | Create | Villager (Male) |
| 18:26 | Create | Villager (Male) |
| 18:29 | Build | Farm |
| 18:34 | Create | Knight |
| 18:34 | Create | Knight |
| 18:43 | Create | Villager (Male) |
| 18:49 | Build | House |
| 18:54 | Build | Farm |
| 18:58 | Research | Bow Saw |
| 18:59 | Research | Bow Saw |
| 19:02 | Create | Villager (Male) |
| 19:10 | Create | Knight |
| 19:10 | Create | Knight |
| 19:35 | Create | Knight |
| 19:54 | Build | Town Center |
| 20:01 | Create | Knight |
| 20:03 | Create | Knight |
| 20:04 | Create | Villager (Male) |
| 20:15 | Build | House |
| 20:26 | Research | Wheelbarrow |
| 20:39 | Research | Heavy Plow |
| 20:56 | Build | House |
| 20:59 | Create | Villager (Male) |
| 21:29 | Build | Farm |
| 21:31 | Build | Farm |
| 21:32 | Build | Farm |
| 21:36 | Create | Villager (Male) |
| 21:38 | Create | Villager (Male) |
| 21:45 | Build | House |
| 22:08 | Build | Farm |
| 22:14 | Build | Blacksmith |
| 22:16 | Build | House |
| 22:17 | Create | Villager (Male) |
| 22:18 | Create | Villager (Male) |
| 22:19 | Create | Villager (Male) |
| 22:26 | Build | Farm |
| 22:31 | Create | Villager (Male) |
| 22:45 | Build | Farm |
| 22:48 | Build | House |
| 22:53 | Create | Villager (Male) |
| 23:06 | Build | Town Center |
| 23:10 | Build | Farm |
| 23:12 | Research | Scale Mail Armor |
| 23:12 | Research | Scale Mail Armor |
| 23:26 | Build | House |
| 23:28 | Create | Villager (Male) |
| 23:30 | Create | Villager (Male) |
| 23:57 | Build | Farm |
| 23:58 | Create | Villager (Male) |
| 23:59 | Create | Villager (Male) |
| 24:00 | Create | Villager (Male) |
| 24:24 | Build | Monastery |
| 24:29 | Research | Forging |
| 24:31 | Create | Knight |
| 24:31 | Create | Knight |
| 24:31 | Create | Knight |
| 24:40 | Build | Farm |
| 24:42 | Build | Farm |
| 24:46 | Create | Villager (Male) |
| 25:03 | Build | Siege Workshop |
| 25:06 | Create | Monk |
| 25:12 | Build | House |
| 25:22 | Research | Scale Barding Armor |
| 25:30 | Build | Farm |
| 25:31 | Build | Farm |
| 25:32 | Build | Farm |
| 25:46 | Create | Battering Ram |
| 25:46 | Create | Battering Ram |
| 25:56 | Create | Knight |
| 25:57 | Create | Knight |
| 25:57 | Create | Knight |
| 25:57 | Create | Knight |
| 26:07 | Create | Villager (Male) |
| 26:14 | Build | Farm |
| 26:18 | Build | Farm |
| 26:28 | Create | Knight |
| 26:32 | Build | House |
| 26:36 | Build | Farm |
| 26:39 | Create | Villager (Male) |
| 26:42 | Create | Villager (Male) |
| 26:42 | Create | Villager (Male) |
| 26:55 | Create | Battering Ram |
| 27:15 | Build | Farm |
| 27:18 | Research | Iron Casting |
Build order — 200 con Lao Chọt
First 150 of 508 actions detected
| 0:04 | Build | Town Center |
| 1:29 | Build | Dock |
| 1:33 | Build | House |
| 2:32 | Create | Villager (Male) |
| 2:32 | Create | Villager (Male) |
| 2:32 | Create | Villager (Male) |
| 2:32 | Create | Villager (Male) |
| 3:14 | Build | House |
| 4:06 | Research | Loom |
| 4:07 | Research | Loom |
| 4:25 | Create | Fishing Ship |
| 4:25 | Create | Fishing Ship |
| 5:02 | Create | Villager (Male) |
| 5:04 | Create | Fishing Ship |
| 5:44 | Create | Villager (Male) |
| 6:01 | Create | Villager (Male) |
| 6:19 | Build | House |
| 6:32 | Create | Villager (Male) |
| 6:45 | Create | Villager (Male) |
| 6:45 | Create | Villager (Male) |
| 7:14 | Create | Villager (Male) |
| 7:39 | Create | Villager (Male) |
| 7:39 | Create | Villager (Male) |
| 7:41 | Create | Fishing Ship |
| 8:23 | Build | House |
| 8:27 | Create | Villager (Male) |
| 9:05 | Create | Villager (Male) |
| 9:06 | Create | Villager (Male) |
| 9:06 | Create | Villager (Male) |
| 9:06 | Create | Villager (Male) |
| 9:06 | Create | Villager (Male) |
| 9:32 | Create | Villager (Male) |
| 9:34 | Create | Fishing Ship |
| 9:35 | Create | Fishing Ship |
| 9:35 | Create | Fishing Ship |
| 9:41 | Build | House |
| 9:42 | Build | House |
| 10:13 | Create | Fishing Ship |
| 10:54 | Build | House |
| 11:25 | Build | Mill |
| 11:44 | Create | Villager (Male) |
| 11:44 | Create | Villager (Male) |
| 11:45 | Create | Villager (Male) |
| 12:21 | Research | Feudal Age |
| 12:26 | Research | Feudal Age |
| 12:36 | Build | Mining Camp |
| 13:19 | Create | Fishing Ship |
| 13:20 | Create | Fishing Ship |
| 14:43 | Create | Villager (Male) |
| 14:44 | Age | Feudal Age |
| 14:51 | Build | Market |
| 14:55 | Build | Blacksmith |
| 15:02 | Create | Villager (Male) |
| 15:30 | Research | Castle Age |
| 16:18 | Build | Mining Camp |
| 17:03 | Research | Horse Collar |
| 17:03 | Research | Horse Collar |
| 18:14 | Age | Castle Age |
| 18:17 | Create | Villager (Male) |
| 18:17 | Create | Villager (Male) |
| 18:18 | Create | Villager (Male) |
| 18:31 | Build | Town Center |
| 18:39 | Build | Town Center |
| 18:48 | Build | Town Center |
| 19:10 | Build | House |
| 19:10 | Build | House |
| 19:11 | Build | House |
| 19:24 | Create | Villager (Male) |
| 19:25 | Create | Villager (Male) |
| 19:25 | Create | Villager (Male) |
| 19:55 | Create | Villager (Male) |
| 19:55 | Create | Villager (Male) |
| 19:56 | Create | Villager (Male) |
| 20:19 | Build | Farm |
| 20:19 | Build | Farm |
| 20:29 | Create | Villager (Male) |
| 20:29 | Create | Villager (Male) |
| 20:30 | Create | Villager (Male) |
| 20:30 | Create | Villager (Male) |
| 20:30 | Create | Villager (Male) |
| 20:44 | Build | House |
| 20:44 | Build | House |
| 20:45 | Build | House |
| 20:46 | Build | House |
| 20:50 | Create | Villager (Male) |
| 20:51 | Create | Villager (Male) |
| 20:55 | Create | Villager (Male) |
| 20:55 | Create | Villager (Male) |
| 20:56 | Create | Villager (Male) |
| 21:13 | Build | Farm |
| 21:13 | Build | Farm |
| 21:33 | Create | Villager (Male) |
| 21:33 | Create | Villager (Male) |
| 21:34 | Create | Villager (Male) |
| 21:34 | Create | Villager (Male) |
| 21:58 | Build | Farm |
| 21:58 | Build | Farm |
| 21:58 | Build | Farm |
| 21:58 | Build | Farm |
| 22:00 | Build | Farm |
| 22:10 | Create | Villager (Male) |
| 22:10 | Create | Villager (Male) |
| 22:16 | Build | Farm |
| 22:16 | Build | Farm |
| 22:29 | Create | Villager (Male) |
| 22:29 | Create | Villager (Male) |
| 22:30 | Create | Villager (Male) |
| 22:33 | Build | Farm |
| 22:48 | Build | House |
| 22:51 | Build | House |
| 22:51 | Build | House |
| 22:55 | Create | Villager (Male) |
| 22:55 | Create | Villager (Male) |
| 22:55 | Create | Villager (Male) |
| 23:01 | Build | Farm |
| 23:09 | Build | Farm |
| 23:09 | Build | Farm |
| 23:19 | Create | Villager (Male) |
| 23:20 | Create | Villager (Male) |
| 23:20 | Create | Villager (Male) |
| 23:27 | Create | Villager (Male) |
| 23:27 | Create | Villager (Male) |
| 23:34 | Build | Farm |
| 23:43 | Create | Villager (Male) |
| 23:43 | Create | Villager (Male) |
| 23:43 | Create | Villager (Male) |
| 23:50 | Build | Farm |
| 23:56 | Build | Farm |
| 23:57 | Build | Farm |
| 23:57 | Build | Farm |
| 23:57 | Build | Farm |
| 23:59 | Build | Farm |
| 24:00 | Build | Farm |
| 24:01 | Build | Farm |
| 24:01 | Build | Farm |
| 24:01 | Build | Farm |
| 24:05 | Create | Villager (Male) |
| 24:05 | Create | Villager (Male) |
| 24:05 | Create | Villager (Male) |
| 24:12 | Create | Villager (Male) |
| 24:13 | Create | Villager (Male) |
| 24:13 | Create | Villager (Male) |
| 24:20 | Build | Farm |
| 24:33 | Build | House |
| 24:34 | Build | House |
| 24:45 | Create | Villager (Male) |
| 24:45 | Create | Villager (Male) |
| 24:46 | Create | Villager (Male) |
| 24:46 | Create | Villager (Male) |
| 24:46 | Create | Villager (Male) |
Build order — Please don't kill me
First 150 of 253 actions detected
| 0:39 | Build | Town Center |
| 0:55 | Build | Dock |
| 0:57 | Build | House |
| 2:59 | Create | Villager (Male) |
| 2:59 | Create | Villager (Male) |
| 3:00 | Create | Villager (Male) |
| 3:00 | Create | Villager (Male) |
| 3:43 | Research | Loom |
| 3:43 | Research | Loom |
| 4:12 | Create | Villager (Male) |
| 4:12 | Create | Villager (Male) |
| 4:47 | Build | House |
| 4:54 | Create | Villager (Male) |
| 5:23 | Build | House |
| 5:31 | Create | Villager (Male) |
| 5:50 | Create | Villager (Male) |
| 6:09 | Create | Fishing Ship |
| 6:09 | Create | Fishing Ship |
| 6:17 | Create | Villager (Male) |
| 6:49 | Create | Villager (Male) |
| 6:52 | Create | Fishing Ship |
| 6:52 | Create | Fishing Ship |
| 7:24 | Create | Fishing Ship |
| 7:46 | Create | Villager (Male) |
| 7:46 | Create | Villager (Male) |
| 7:46 | Create | Villager (Male) |
| 7:53 | Create | Fishing Ship |
| 8:15 | Create | Villager (Male) |
| 8:42 | Build | House |
| 8:51 | Build | House |
| 8:57 | Create | Villager (Male) |
| 9:28 | Create | Villager (Male) |
| 9:28 | Create | Villager (Male) |
| 9:30 | Create | Fishing Ship |
| 9:31 | Create | Fishing Ship |
| 9:48 | Build | Mill |
| 9:54 | Create | Villager (Male) |
| 10:31 | Build | Mining Camp |
| 10:55 | Build | Mining Camp |
| 11:38 | Research | Feudal Age |
| 11:38 | Research | Feudal Age |
| 11:43 | Create | Fishing Ship |
| 12:55 | Build | House |
| 13:29 | Build | Mining Camp |
| 13:48 | Age | Feudal Age |
| 13:57 | Build | Market |
| 14:07 | Build | Blacksmith |
| 14:18 | Create | Villager (Male) |
| 15:01 | Research | Castle Age |
| 15:02 | Research | Castle Age |
| 15:31 | Build | Barracks |
| 16:37 | Build | House |
| 17:41 | Age | Castle Age |
| 17:44 | Build | Castle |
| 18:09 | Create | Villager (Male) |
| 18:10 | Create | Villager (Male) |
| 18:10 | Create | Villager (Male) |
| 18:10 | Create | Villager (Male) |
| 18:27 | Create | Villager (Male) |
| 18:28 | Create | Villager (Male) |
| 18:38 | Research | Scale Mail Armor |
| 18:44 | Research | Forging |
| 18:58 | Research | Fletching |
| 19:00 | Create | Villager (Male) |
| 19:20 | Build | Farm |
| 19:25 | Build | Farm |
| 19:31 | Create | Huskarl |
| 19:31 | Create | Huskarl |
| 19:59 | Build | Farm |
| 19:59 | Build | Farm |
| 20:09 | Build | Farm |
| 20:13 | Create | Huskarl |
| 20:46 | Build | Town Center |
| 20:50 | Create | Villager (Male) |
| 20:50 | Create | Villager (Male) |
| 20:50 | Create | Villager (Male) |
| 21:05 | Build | Farm |
| 21:10 | Create | Villager (Male) |
| 21:11 | Create | Villager (Male) |
| 21:33 | Create | Huskarl |
| 21:34 | Create | Huskarl |
| 21:40 | Build | Lumber Camp |
| 22:24 | Create | Villager (Male) |
| 22:24 | Create | Villager (Male) |
| 22:37 | Create | Villager (Male) |
| 22:49 | Create | Villager (Male) |
| 22:50 | Create | Villager (Male) |
| 23:04 | Build | Farm |
| 23:05 | Build | Farm |
| 23:06 | Build | Farm |
| 23:07 | Build | Farm |
| 23:22 | Create | Villager (Male) |
| 23:23 | Create | Villager (Male) |
| 23:49 | Create | Fishing Ship |
| 25:21 | Build | Castle |
| 25:28 | Create | Villager (Male) |
| 25:29 | Create | Villager (Male) |
| 25:29 | Create | Villager (Male) |
| 25:52 | Create | Villager (Male) |
| 25:52 | Create | Villager (Male) |
| 25:53 | Create | Villager (Male) |
| 25:57 | Research | Wheelbarrow |
| 26:07 | Build | Mining Camp |
| 26:40 | Create | Huskarl |
| 26:40 | Create | Huskarl |
| 26:40 | Create | Huskarl |
| 26:40 | Create | Huskarl |
| 26:41 | Create | Huskarl |
| 26:52 | Build | Siege Workshop |
| 27:23 | Create | Battering Ram |
| 27:23 | Create | Battering Ram |
| 28:06 | Create | Villager (Male) |
| 28:06 | Create | Villager (Male) |
| 28:15 | Build | House |
| 28:23 | Build | House |
| 28:26 | Build | House |
| 28:44 | Create | Villager (Male) |
| 28:45 | Create | Villager (Male) |
| 29:12 | Create | Villager (Male) |
| 29:12 | Create | Villager (Male) |
| 29:12 | Create | Villager (Male) |
| 29:37 | Create | Villager (Male) |
| 29:38 | Create | Villager (Male) |
| 29:49 | Build | Farm |
| 32:18 | Create | Huskarl |
| 32:19 | Create | Huskarl |
| 32:19 | Create | Huskarl |
| 32:19 | Create | Huskarl |
| 32:19 | Create | Huskarl |
| 32:20 | Create | Huskarl |
| 33:12 | Create | Huskarl |
| 33:12 | Create | Huskarl |
| 33:12 | Create | Huskarl |
| 33:13 | Create | Huskarl |
| 33:13 | Create | Huskarl |
| 33:13 | Create | Huskarl |
| 33:49 | Build | Town Center |
| 34:48 | Create | Huskarl |
| 34:48 | Create | Huskarl |
| 34:48 | Create | Huskarl |
| 36:50 | Build | Farm |
| 36:51 | Build | Farm |
| 36:51 | Build | Farm |
| 36:56 | Build | Farm |
| 36:57 | Build | Farm |
| 37:06 | Build | Barracks |
| 37:24 | Build | Market |
| 38:25 | Create | Villager (Male) |
| 38:25 | Create | Villager (Male) |
| 38:31 | Build | Farm |
Build order — DEMENXAYCHOI
First 150 of 499 actions detected
| 0:19 | Build | Town Center |
| 1:30 | Build | Dock |
| 1:35 | Build | House |
| 1:49 | Build | Palisade Wall |
| 2:41 | Create | Villager (Male) |
| 2:42 | Create | Villager (Male) |
| 2:42 | Create | Villager (Male) |
| 2:42 | Create | Villager (Male) |
| 3:57 | Create | Fishing Ship |
| 3:58 | Create | Fishing Ship |
| 4:19 | Research | Loom |
| 4:28 | Build | House |
| 4:46 | Create | Villager (Male) |
| 5:13 | Create | Villager (Male) |
| 5:14 | Create | Villager (Male) |
| 5:16 | Create | Villager (Male) |
| 5:16 | Create | Villager (Male) |
| 5:29 | Build | House |
| 6:12 | Create | Villager (Male) |
| 6:13 | Create | Villager (Male) |
| 6:30 | Create | Villager (Male) |
| 6:53 | Create | Fishing Ship |
| 7:10 | Create | Fishing Ship |
| 7:11 | Create | Villager (Male) |
| 7:12 | Create | Villager (Male) |
| 7:39 | Build | House |
| 7:42 | Create | Villager (Male) |
| 7:50 | Create | Villager (Male) |
| 8:19 | Create | Villager (Male) |
| 8:23 | Create | Fishing Ship |
| 8:45 | Create | Villager (Male) |
| 8:55 | Create | Villager (Male) |
| 8:58 | Create | Villager (Male) |
| 9:00 | Build | House |
| 9:08 | Create | Fishing Ship |
| 9:08 | Create | Fishing Ship |
| 9:31 | Create | Villager (Male) |
| 9:54 | Build | Lumber Camp |
| 10:03 | Create | Villager (Male) |
| 10:09 | Create | Villager (Male) |
| 10:09 | Create | Villager (Male) |
| 10:09 | Create | Villager (Male) |
| 10:19 | Create | Villager (Male) |
| 10:20 | Create | Villager (Male) |
| 10:24 | Build | Mill |
| 10:51 | Create | Villager (Male) |
| 10:58 | Build | Mining Camp |
| 11:13 | Research | Feudal Age |
| 11:16 | Research | Double-Bit Axe |
| 11:23 | Build | House |
| 11:54 | Create | Fishing Ship |
| 12:38 | Create | Fishing Ship |
| 12:43 | Build | Dock |
| 13:20 | Create | Villager (Male) |
| 13:22 | Create | Villager (Male) |
| 13:23 | Age | Feudal Age |
| 13:26 | Build | Market |
| 13:28 | Create | Villager (Male) |
| 13:57 | Build | Blacksmith |
| 14:08 | Create | Fishing Ship |
| 14:24 | Build | House |
| 14:52 | Research | Castle Age |
| 15:11 | Build | Mining Camp |
| 15:28 | Build | House |
| 16:00 | Create | Fishing Ship |
| 16:00 | Create | Fishing Ship |
| 16:00 | Create | Fishing Ship |
| 16:01 | Create | Fishing Ship |
| 16:12 | Research | Tech 906 |
| 16:18 | Create | Fire Galley |
| 16:28 | Create | Fire Galley |
| 16:28 | Create | Fire Galley |
| 16:33 | Create | Villager (Male) |
| 16:33 | Create | Villager (Male) |
| 16:34 | Create | Villager (Male) |
| 16:49 | Research | Fletching |
| 16:49 | Research | Fletching |
| 17:32 | Age | Castle Age |
| 17:39 | Create | Fire Galley |
| 17:43 | Create | Villager (Male) |
| 17:44 | Create | Villager (Male) |
| 17:44 | Create | Villager (Male) |
| 18:24 | Build | Castle |
| 18:28 | Create | Villager (Male) |
| 18:44 | Research | War Galley (upgrade) |
| 18:45 | Research | War Galley (upgrade) |
| 18:46 | Create | Fire Galley |
| 18:52 | Create | Villager (Male) |
| 18:53 | Create | Villager (Male) |
| 19:06 | Create | Villager (Male) |
| 19:07 | Create | Villager (Male) |
| 19:25 | Create | Villager (Male) |
| 19:50 | Create | Villager (Male) |
| 19:50 | Create | Villager (Male) |
| 19:50 | Create | Villager (Male) |
| 20:10 | Create | Fire Galley |
| 20:11 | Create | Fire Galley |
| 20:14 | Create | Villager (Male) |
| 20:14 | Create | Villager (Male) |
| 20:35 | Build | House |
| 20:46 | Create | Fire Galley |
| 20:46 | Create | Fire Galley |
| 20:51 | Create | Villager (Male) |
| 20:51 | Create | Villager (Male) |
| 21:03 | Build | Lumber Camp |
| 21:05 | Create | Villager (Male) |
| 21:06 | Create | Villager (Male) |
| 21:11 | Build | House |
| 21:40 | Build | House |
| 21:42 | Create | Villager (Male) |
| 22:17 | Build | Town Center |
| 22:30 | Build | House |
| 22:46 | Create | Villager (Male) |
| 22:46 | Create | Villager (Male) |
| 22:52 | Build | Castle |
| 22:57 | Create | Villager (Male) |
| 22:57 | Create | Villager (Male) |
| 23:01 | Build | House |
| 23:09 | Create | Fishing Ship |
| 23:09 | Create | Fishing Ship |
| 23:37 | Build | House |
| 23:56 | Create | Villager (Male) |
| 23:56 | Create | Villager (Male) |
| 23:56 | Create | Villager (Male) |
| 24:06 | Research | Tech 906 |
| 24:06 | Research | Tech 906 |
| 24:07 | Create | Fishing Ship |
| 24:07 | Create | Fishing Ship |
| 24:24 | Build | House |
| 24:36 | Build | Lumber Camp |
| 24:58 | Build | House |
| 25:00 | Create | Fishing Ship |
| 25:01 | Create | Fishing Ship |
| 25:01 | Create | Fishing Ship |
| 25:10 | Create | Villager (Male) |
| 25:21 | Research | Gillnets |
| 25:22 | Create | Fishing Ship |
| 25:29 | Build | House |
| 25:46 | Create | Villager (Male) |
| 26:01 | Build | House |
| 26:36 | Build | House |
| 26:44 | Create | Villager (Male) |
| 26:44 | Create | Villager (Male) |
| 26:52 | Build | Castle |
| 26:56 | Create | Fishing Ship |
| 26:56 | Create | Fishing Ship |
| 26:57 | Create | Fishing Ship |
| 26:57 | Create | Fishing Ship |
| 26:57 | Create | Fishing Ship |
| 26:57 | Create | Fishing Ship |
Build order — Gacon
First 150 of 378 actions detected
| 0:38 | Build | Town Center |
| 1:16 | Build | Dock |
| 1:23 | Build | House |
| 1:28 | Build | Palisade Wall |
| 2:59 | Create | Villager (Male) |
| 2:59 | Create | Villager (Male) |
| 2:59 | Create | Villager (Male) |
| 3:00 | Create | Villager (Male) |
| 3:00 | Create | Villager (Male) |
| 3:28 | Research | Loom |
| 3:29 | Research | Loom |
| 4:21 | Create | Villager (Male) |
| 4:24 | Create | Fishing Ship |
| 4:24 | Create | Fishing Ship |
| 4:58 | Create | Villager (Male) |
| 5:17 | Create | Villager (Male) |
| 5:17 | Create | Villager (Male) |
| 5:48 | Build | House |
| 6:06 | Create | Villager (Male) |
| 6:06 | Create | Villager (Male) |
| 6:41 | Create | Villager (Male) |
| 6:41 | Create | Villager (Male) |
| 7:01 | Create | Villager (Male) |
| 7:02 | Create | Villager (Male) |
| 7:02 | Create | Villager (Male) |
| 7:04 | Create | Villager (Male) |
| 7:04 | Create | Villager (Male) |
| 7:39 | Create | Fishing Ship |
| 7:39 | Create | Fishing Ship |
| 7:43 | Create | Villager (Male) |
| 7:44 | Create | Villager (Male) |
| 7:55 | Create | Villager (Male) |
| 7:55 | Create | Villager (Male) |
| 7:56 | Create | Villager (Male) |
| 7:58 | Build | House |
| 8:38 | Create | Villager (Male) |
| 8:38 | Create | Villager (Male) |
| 8:42 | Build | House |
| 8:55 | Create | Villager (Male) |
| 8:55 | Create | Villager (Male) |
| 9:10 | Create | Fishing Ship |
| 9:11 | Create | Fishing Ship |
| 9:35 | Build | House |
| 9:37 | Create | Fishing Ship |
| 9:38 | Create | Fishing Ship |
| 9:46 | Create | Villager (Male) |
| 9:46 | Create | Villager (Male) |
| 9:46 | Create | Villager (Male) |
| 10:20 | Build | Palisade Wall |
| 10:35 | Build | Palisade Wall |
| 10:49 | Create | Villager (Male) |
| 10:49 | Create | Villager (Male) |
| 10:50 | Create | Villager (Male) |
| 10:59 | Build | Mill |
| 11:01 | Create | Villager (Male) |
| 11:03 | Build | House |
| 11:06 | Create | Fishing Ship |
| 11:06 | Create | Fishing Ship |
| 11:06 | Create | Fishing Ship |
| 11:13 | Create | Villager (Male) |
| 11:31 | Create | Villager (Male) |
| 11:31 | Create | Villager (Male) |
| 11:35 | Create | Fishing Ship |
| 11:35 | Create | Fishing Ship |
| 11:44 | Build | House |
| 12:30 | Research | Feudal Age |
| 12:30 | Research | Feudal Age |
| 12:38 | Build | Mining Camp |
| 13:41 | Build | Dock |
| 14:40 | Age | Feudal Age |
| 14:46 | Build | Market |
| 14:49 | Create | Fire Galley |
| 15:04 | Build | Blacksmith |
| 15:48 | Research | Castle Age |
| 15:48 | Research | Castle Age |
| 15:54 | Create | Fishing Ship |
| 15:55 | Create | Fishing Ship |
| 16:17 | Create | Fire Galley |
| 16:58 | Build | Mining Camp |
| 17:45 | Create | Fire Galley |
| 17:45 | Create | Fire Galley |
| 18:02 | Research | Gold Mining |
| 18:03 | Research | Gold Mining |
| 18:07 | Research | Stone Mining |
| 18:11 | Create | Villager (Male) |
| 18:11 | Create | Villager (Male) |
| 18:28 | Age | Castle Age |
| 18:58 | Research | War Galley (upgrade) |
| 18:58 | Research | War Galley (upgrade) |
| 19:01 | Create | Villager (Male) |
| 19:01 | Create | Villager (Male) |
| 19:02 | Create | Villager (Male) |
| 19:02 | Create | Villager (Male) |
| 19:02 | Create | Villager (Male) |
| 19:07 | Create | Villager (Male) |
| 19:07 | Create | Villager (Male) |
| 19:08 | Create | Villager (Male) |
| 19:37 | Create | Fire Galley |
| 20:41 | Build | Castle |
| 21:14 | Build | Town Center |
| 21:24 | Research | Wheelbarrow |
| 21:25 | Research | Wheelbarrow |
| 22:41 | Research | Horse Collar |
| 22:41 | Research | Horse Collar |
| 22:54 | Create | Janissary |
| 22:54 | Create | Janissary |
| 22:54 | Create | Janissary |
| 23:12 | Build | Dock |
| 23:19 | Build | Lumber Camp |
| 24:09 | Research | Heavy Plow |
| 24:09 | Research | Heavy Plow |
| 24:17 | Research | Double-Bit Axe |
| 24:17 | Research | Double-Bit Axe |
| 25:10 | Build | Dock |
| 25:12 | Create | Villager (Male) |
| 25:13 | Create | Villager (Male) |
| 25:13 | Create | Villager (Male) |
| 25:28 | Research | Bow Saw |
| 25:28 | Research | Bow Saw |
| 25:41 | Create | Janissary |
| 25:41 | Create | Janissary |
| 25:41 | Create | Janissary |
| 26:06 | Build | Farm |
| 26:13 | Build | Farm |
| 26:22 | Build | Farm |
| 26:33 | Research | Gold Mining |
| 26:33 | Research | Gold Mining |
| 27:01 | Build | Castle |
| 27:22 | Create | Villager (Male) |
| 27:23 | Create | Villager (Male) |
| 27:23 | Create | Villager (Male) |
| 27:23 | Create | Villager (Male) |
| 27:24 | Create | Villager (Male) |
| 27:30 | Build | Farm |
| 27:57 | Build | Farm |
| 27:58 | Build | Farm |
| 28:19 | Build | Farm |
| 28:23 | Create | Villager (Male) |
| 28:23 | Create | Villager (Male) |
| 28:24 | Create | Villager (Male) |
| 28:44 | Build | Farm |
| 28:50 | Create | Villager (Male) |
| 28:50 | Create | Villager (Male) |
| 29:48 | Build | Town Center |
| 30:11 | Create | Villager (Male) |
| 30:11 | Create | Villager (Male) |
| 30:13 | Research | Hand Cart |
| 30:28 | Build | Farm |
| 30:56 | Create | Janissary |
| 30:57 | Create | Janissary |
Build order — I miss her
First 150 of 267 actions detected
| 0:22 | Build | Town Center |
| 1:35 | Build | Dock |
| 1:38 | Build | House |
| 2:59 | Create | Villager (Male) |
| 2:59 | Create | Villager (Male) |
| 2:59 | Create | Villager (Male) |
| 3:00 | Create | Villager (Male) |
| 3:00 | Create | Villager (Male) |
| 3:01 | Research | Loom |
| 4:04 | Build | House |
| 5:06 | Create | Fishing Ship |
| 5:14 | Create | Villager (Male) |
| 5:41 | Create | Villager (Male) |
| 5:46 | Create | Fishing Ship |
| 6:09 | Create | Villager (Male) |
| 6:09 | Create | Villager (Male) |
| 6:21 | Build | House |
| 6:33 | Create | Villager (Male) |
| 6:51 | Create | Villager (Male) |
| 7:17 | Create | Villager (Male) |
| 7:50 | Create | Villager (Male) |
| 7:51 | Create | Villager (Male) |
| 7:54 | Create | Fishing Ship |
| 7:54 | Create | Fishing Ship |
| 7:59 | Create | Villager (Male) |
| 8:27 | Create | Villager (Male) |
| 8:30 | Create | Villager (Male) |
| 8:34 | Build | House |
| 8:43 | Create | Villager (Male) |
| 8:43 | Create | Villager (Male) |
| 8:57 | Build | Mill |
| 9:35 | Create | Fishing Ship |
| 9:44 | Build | House |
| 9:45 | Create | Villager (Male) |
| 9:50 | Create | Fishing Ship |
| 10:03 | Create | Villager (Male) |
| 10:06 | Create | Villager (Male) |
| 10:06 | Create | Villager (Male) |
| 10:39 | Create | Fishing Ship |
| 11:08 | Create | Fishing Ship |
| 11:41 | Research | Feudal Age |
| 12:07 | Build | Mining Camp |
| 13:30 | Build | House |
| 13:51 | Age | Feudal Age |
| 14:00 | Build | Market |
| 14:04 | Build | Blacksmith |
| 14:51 | Create | Villager (Male) |
| 15:14 | Research | Castle Age |
| 15:59 | Build | House |
| 16:20 | Build | Barracks |
| 16:39 | Build | House |
| 16:57 | Build | House |
| 17:16 | Create | Villager (Male) |
| 17:17 | Create | Villager (Male) |
| 17:24 | Build | Archery Range |
| 17:38 | Create | Villager (Male) |
| 17:38 | Create | Villager (Male) |
| 17:38 | Create | Villager (Male) |
| 17:39 | Create | Villager (Male) |
| 17:55 | Create | Villager (Male) |
| 17:56 | Age | Castle Age |
| 18:01 | Build | Lumber Camp |
| 18:10 | Create | Villager (Male) |
| 18:13 | Create | Villager (Male) |
| 19:03 | Build | Castle |
| 19:18 | Build | House |
| 19:26 | Build | House |
| 19:44 | Research | Double-Bit Axe |
| 19:53 | Build | Farm |
| 21:16 | Build | Town Center |
| 21:19 | Create | Villager (Male) |
| 21:19 | Create | Villager (Male) |
| 21:19 | Create | Villager (Male) |
| 21:24 | Build | Farm |
| 21:27 | Build | Farm |
| 21:32 | Build | Farm |
| 21:43 | Research | Horse Collar |
| 21:44 | Create | Villager (Male) |
| 21:44 | Create | Villager (Male) |
| 22:06 | Build | Farm |
| 22:09 | Create | Villager (Male) |
| 22:10 | Create | Villager (Male) |
| 22:24 | Create | Unit 1959 ×2 |
| 22:45 | Create | Villager (Male) |
| 22:45 | Create | Villager (Male) |
| 22:46 | Create | Villager (Male) |
| 22:46 | Create | Villager (Male) |
| 23:11 | Research | Wheelbarrow |
| 23:12 | Create | Villager (Male) |
| 23:17 | Build | Farm |
| 23:30 | Build | Town Center |
| 23:40 | Build | Farm |
| 24:06 | Research | Heavy Plow |
| 24:10 | Build | Farm |
| 24:13 | Create | Villager (Male) |
| 24:16 | Create | Villager (Male) |
| 24:22 | Create | Villager (Male) |
| 24:22 | Create | Villager (Male) |
| 25:14 | Build | House |
| 25:23 | Create | Villager (Male) |
| 25:24 | Create | Villager (Male) |
| 25:28 | Create | Villager (Male) |
| 25:29 | Create | Villager (Male) |
| 25:29 | Create | Villager (Male) |
| 25:30 | Create | Villager (Male) |
| 25:30 | Create | Villager (Male) |
| 25:55 | Build | Farm |
| 25:58 | Build | Farm |
| 26:01 | Build | Farm |
| 26:09 | Build | Farm |
| 26:11 | Research | Bow Saw |
| 26:13 | Create | Villager (Male) |
| 26:29 | Create | Villager (Male) |
| 26:29 | Create | Villager (Male) |
| 26:41 | Create | Villager (Male) |
| 26:59 | Research | Gold Mining |
| 27:34 | Build | Farm |
| 27:34 | Build | Farm |
| 27:39 | Build | Farm |
| 27:44 | Build | Farm |
| 28:11 | Research | Elite Skirmisher (upgrade) |
| 28:20 | Build | Archery Range |
| 28:22 | Build | Archery Range |
| 28:39 | Build | Farm |
| 29:04 | Build | Archery Range |
| 29:10 | Build | Farm |
| 29:15 | Research | Imperial Age |
| 29:27 | Create | Villager (Male) |
| 29:27 | Create | Villager (Male) |
| 29:27 | Create | Villager (Male) |
| 29:37 | Build | Farm |
| 29:46 | Build | Farm |
| 30:12 | Research | Crossbowman (upgrade) |
| 30:17 | Create | Unit 1959 |
| 30:18 | Create | Unit 1959 |
| 30:18 | Create | Unit 1959 |
| 30:18 | Create | Unit 1959 |
| 30:19 | Create | Unit 1959 |
| 31:05 | Create | Villager (Male) |
| 31:06 | Create | Villager (Male) |
| 31:06 | Create | Villager (Male) |
| 31:12 | Create | Archer ×5 |
| 31:12 | Create | Archer ×5 |
| 31:14 | Research | Thumb Ring |
| 31:16 | Create | Archer ×5 |
| 31:20 | Create | Villager (Male) |
| 31:21 | Create | Villager (Male) |
| 31:28 | Build | House |
| 31:29 | Build | House |
| 31:29 | Build | House |
Match timeline
| 0:55 | Please don't kill me · first_building Dock |
| 1:14 | nguyenthaivinh1983 · first_building Dock |
| 1:16 | Gacon · first_building Dock |
| 1:28 | Gacon · wall_segment Palisade Wall x1 |
| 1:29 | 200 con Lao Chọt · first_building Dock |
| 1:30 | DEMENXAYCHOI · first_building Dock |
| 1:35 | I miss her · first_building Dock |
| 1:49 | DEMENXAYCHOI · wall_segment Palisade Wall x1 |
| 10:20 | Gacon · wall_segment Palisade Wall x1 |
| 10:35 | Gacon · wall_segment Palisade Wall x1 |
| 12:16 | nguyenthaivinh1983 · first_building Barracks |
| 13:23 | DEMENXAYCHOI · age_up feudal |
| 13:24 | nguyenthaivinh1983 · age_up feudal |
| 13:48 | Please don't kill me · age_up feudal |
| 13:51 | I miss her · age_up feudal |
| 14:40 | Gacon · age_up feudal |
| 14:44 | 200 con Lao Chọt · age_up feudal |
| 15:05 | nguyenthaivinh1983 · first_building Stable |
| 15:31 | Please don't kill me · first_building Barracks |
| 16:20 | I miss her · first_building Barracks |
| 17:24 | I miss her · first_building Archery Range |
| 17:25 | DEMENXAYCHOI · first_market_sell 100 food |
| 17:28 | DEMENXAYCHOI · first_market_buy 100 stone |
| 17:32 | DEMENXAYCHOI · age_up castle |
| 17:41 | Please don't kill me · age_up castle |
| 17:44 | Please don't kill me · first_building Castle |
| 17:56 | I miss her · age_up castle |
| 18:14 | 200 con Lao Chọt · age_up castle |
| 18:20 | nguyenthaivinh1983 · age_up castle |
| 18:24 | DEMENXAYCHOI · first_building Castle |
| 18:28 | Gacon · age_up castle |
| 18:53 | Gacon · first_market_sell 100 stone |
| 19:03 | I miss her · first_building Castle |
| 20:26 | Please don't kill me · first_market_buy 100 wood |
| 20:41 | Gacon · first_building Castle |
| 20:54 | 200 con Lao Chọt · first_market_buy 100 food |
| 21:22 | Gacon · first_market_buy 100 wood |
| 21:38 | I miss her · first_market_buy 100 food |
| 24:24 | nguyenthaivinh1983 · first_building Monastery |
| 25:03 | nguyenthaivinh1983 · first_building Siege Workshop |
| 26:52 | Please don't kill me · first_building Siege Workshop |
| 29:36 | 200 con Lao Chọt · first_building Monastery |
| 30:21 | 200 con Lao Chọt · first_market_sell 100 wood |
| 31:13 | 200 con Lao Chọt · first_building Barracks |
| 31:49 | 200 con Lao Chọt · first_building Stable |
| 32:24 | Gacon · tribute_sent a jugador 1 |
| 32:24 | Gacon · tribute_sent a jugador 2 |
| 32:24 | Gacon · tribute_sent a jugador 3 |
| 32:24 | Gacon · tribute_sent a jugador 4 |
| 32:24 | Gacon · tribute_sent a jugador 6 |
| 32:25 | I miss her · age_up imperial |
| 34:08 | I miss her · first_market_sell 100 wood |
| 34:13 | 200 con Lao Chọt · age_up imperial |
| 35:22 | I miss her · first_building Siege Workshop |
| 37:06 | DEMENXAYCHOI · age_up imperial |
| 38:06 | Gacon · first_building Siege Workshop |
| 40:11 | nguyenthaivinh1983 · age_up imperial |
| 40:56 | nguyenthaivinh1983 · first_market_buy 100 wood |
| 41:37 | DEMENXAYCHOI · first_building Barracks |
| 42:13 | nguyenthaivinh1983 · first_building Castle |
| 42:19 | nguyenthaivinh1983 · first_market_sell 500 wood |
| 48:31 | DEMENXAYCHOI · first_building Stable |
| 53:52 | 200 con Lao Chọt · resign |
[ AI ANALYSIS · 1 CREDIT ]
What really happened in this match?
Wolo.gg analyzes every decision: build order, eco, micro, common mistakes by bracket. Personalized analysis on WhatsApp or Discord in 30 seconds.
Civ guide
Persians
Map guide
Nomad
Perfil
Jugador #8458313